 Seeded DCSS version 0.30.1-11-g7821555f0a (webtiles) character file.

Game seed: 920673320228942481 (custom seed)

41669 tkbsonic5 the Skirmisher (level 14, -9/100 HPs)
             Began as a Human Artificer on Nov 17, 2023.
             Was an Elder of Nemelex Xobeh.
             Mangled by an elephant (43 damage)
             ... on level 5 of the Lair of Beasts on Dec 2, 2023.
             The game lasted 01:26:00 (18423 turns).

tkbsonic5 the Skirmisher (Human Artificer)         Turns: 18423, Time: 01:26:00

Health: -9/100     AC: 17    Str: 23    XL:     14   Next: 51%
Magic:  14/22      EV:  2    Int: 14    God:    Nemelex Xobeh [****..]
Gold:   643        SH:  0    Dex: 26    Spells: 1/24 levels left

rFire   + + +        J - +4 arbalest {Ivy's Arbalest}
rCold   . . .        (shield currently unavailable)
rNeg    . . .        n - +0 scale mail
rPois   .            l - +1 hat of Qausogal {Harm Dex+4}
rElec   .            x - +1 cloak {Parasol BlocCape}
rCorr   .            W - +0 pair of gloves
SInv    .            k - +1 pair of boots of Card Tricks {Str+5}
Will    +....        M - amulet "Giogomotz" {rF+++ Regen+ Str+6 Int+3}
Stlth   +            j - ring of wizardry
HPRegen 1.16/turn    Q - +4 ring of protection
MPRegen 0.18/turn

%: harm (+30% outgoing, +20% incoming), wizardry (x1)
@: sleeping
A: agile 1, sense surroundings 1, MP-powered wands
a: Renounce Religion, Draw Escape, Draw Destruction, Draw Summoning, Triple
Draw, Deal Four


You were on level 5 of the Lair of Beasts.
You worshipped Nemelex Xobeh.
Nemelex Xobeh was greatly pleased with you.
You visited 3 branches of the dungeon, and saw 17 of its levels.

You collected 1072 gold pieces.
You spent 429 gold pieces at shops.

Inventory:

Hand Weapons
 m - a +1 hand crossbow of freezing
 J - a +4 arbalest (weapon) {Ivy's Arbalest}
 R - a +0 quarterstaff of speed
Missiles
 p - 31 poisoned darts
 t - 2 javelins
 P - 3 throwing nets
Armour
 g - a +2 helmet
 k - the +1 pair of boots of Card Tricks (worn) {Str+5}
   (You acquired it on level 1 of the Dungeon)

   Str:       It affects your strength (+5).
 l - the +1 hat of Qausogal (worn) {Harm Dex+4}
   (You acquired it on level 1 of the Dungeon)

   Dex:       It affects your dexterity (+4).
   Harm:      It increases damage dealt and taken.
 n - a +0 scale mail (worn)
 x - a +1 cloak (worn) {Parasol BlocCape}
 C - +0 steam dragon scales
 G - a +0 plate armour
 O - an orb of guile
 W - a +0 pair of gloves (worn)
Magical Staves
 u - a staff of cold
 E - a staff of fire
 L - a staff of poison
Jewellery
 h - an amulet of faith
 i - an amulet of the acrobat
 j - a ring of wizardry (left hand)
 r - the amulet "Deiwnuuf" {Spirit rPois Str+4}
   (You found it on level 5 of the Dungeon)

   [amulet of guardian spirit]

   It causes incoming damage to be divided between your reserves of health and
   magic.
   Str:       It affects your strength (+4).
   rPois:     It protects you from poison.
 v - a ring of resist corrosion
 y - a +6 ring of strength
 K - an amulet of regeneration
 M - the amulet "Giogomotz" (around neck) {rF+++ Regen+ Str+6 Int+3}
   (You found it on level 6 of the Dungeon)

   [amulet of regeneration]

   Str:       It affects your strength (+6).
   Int:       It affects your intelligence (+3).
   rF:        It renders you almost immune to fire.
   Regen:     It increases your rate of health regeneration.
 Q - a +4 ring of protection (right hand)
Wands
 a - a wand of digging (9)
 b - a wand of light (4)
 c - a wand of flame (17)
 d - a wand of charming (9)
 e - a wand of iceblast (3)
 D - a wand of paralysis (13)
Scrolls
 z - 10 scrolls of teleportation
 H - 2 scrolls of fog
 N - 3 scrolls of blinking
 T - 6 scrolls of identify
 Y - a scroll of fear
Potions
 f - a potion of cancellation
 o - a potion of magic
 q - 3 potions of might
 w - a potion of brilliance
 A - 3 potions of ambrosia
 B - 2 potions of invisibility
 F - 4 potions of curing
 S - 2 potions of resistance
 U - a potion of haste
 V - a potion of berserk rage
 X - 4 potions of flight
Miscellaneous
 s - a piece from Xom's chessboard (15/15)
 Z - a phantom mirror


   Skills:
 + Level 6.2 Fighting
 - Level 0.3(2.6) Polearms
 + Level 4.2 Staves
 * Level 9.0 Ranged Weapons
 - Level 2.9 Throwing
 + Level 2.9 Armour
 + Level 6.0 Dodging
 - Level 2.4 Stealth
 + Level 5.9 Spellcasting
 + Level 6.4 Conjurations
 * Level 7.9 Hexes
 + Level 6.4 Necromancy
 * Level 4.6 Translocations
 + Level 6.5 Fire Magic
 + Level 5.0 Air Magic
 + Level 5.5 Earth Magic
 + Level 4.3 Poison Magic
 + Level 5.7 Invocations
 + Level 6.9 Evocations


You had one spell level left.
You knew the following spells:

 Your Spells              Type           Power      Damage    Failure   Level
a - Foxfire               Conj/Fire      88%        2x1d8     1%          1
b - Vampiric Draining     Necr           22%        2d7       3%          3
c - Confusing Touch       Hex            26%        N/A       1%          3
d - Stone Arrow           Conj/Erth      40%        3d9       4%          3
e - Mephitic Cloud        Conj/Pois/Air  18%        N/A       6%          3
f - Blink                 Tloc           34%        N/A       3%          2
g - Poisonous Vapours     Pois/Air       34%        N/A       3%          2
h - Sandblast             Erth           38%        2d10      1%          1
i - Portal Projectile     Hex/Tloc       42%        N/A       3%          3
j - Passwall              Tmut/Erth      9%         N/A       9%          2

Your spell library contained the following spells:

 Spells                   Type           Power      Damage    Failure   Level
 Kiss of Death            Conj/Necr      88%        2d12      1%          1
 Scorch                   Fire           44%        2d7       1%          2
 Sublimation of Blood     Necr           22%        N/A       1%          2
 Dazzling Flash           Conj/Hex       48%        N/A       2%          3
 Leda's Liquefaction      Hex/Erth       11%        N/A       11%         4
 Dispel Undead            Necr           22%        3d12      12%         4
 Flame Wave               Conj/Fire      22%        2d8       12%         4
 Manifold Assault         Tloc           17%        N/A       24%         4
 Fireball                 Conj/Fire      11%        3d7       30%         5
 Borgnjor's Vile Clutch   Necr/Erth      10%        N/A       34%         5
 Call Canine Familiar     Summ           4%         N/A       43%         3
 Frozen Ramparts          Ice            8%         1d2       43%         3
 Petrify                  Tmut/Erth      11%        N/A       45%         4
 Summon Lightning Spire   Summ/Air       11%        N/A       45%         4
 Freezing Cloud           Conj/Ice/Air   7%         6-21      65%         5
 Irradiate                Conj/Tmut      6%         3d13      71%         5
 Ice Form                 Ice/Tmut       4%         N/A       82%         4
 Summon Ice Beast         Ice/Summ       4%         N/A       82%         4
 Starburst                Conj/Fire      11%        6d5       83%         6
 Plasma Beam              Fire/Air       10%        2x1d23    89%         6
 Blade Hands              Tmut           2%         N/A       98%         5
 Summon Cactus Giant      Summ           2%         N/A       100%        6
 Dragon Form              Tmut           2%         N/A       100%        7
 Storm Form               Tmut/Air       5%         N/A       100%        7
 Borgnjor's Revivificati  Necr           11%        N/A       100%        8
 Maxwell's Capacitive Co  Air            9%         ∞         100%        8


Dungeon Overview and Level Annotations

Branches:
Dungeon (11/15)            Temple (1/1) D:6            Lair (5/5) D:8
  Swamp (0/4) Lair:3        Snake (0/4) Lair:3          Orc (0/2) D:11
  Slime: Lair:4-5

Altars:
Ashenzari
Cheibriados
Dithmenos
Elyvilon
Fedhas
Gozag
Hepliaklqana
Kikubaaqudgha
Makhleb
Nemelex Xobeh
Okawaru
Qazlal
Ru
Sif Muna
Trog
Uskayaw
Vehumet
Wu Jian
Xom
Yredelemnul
Zin
The Shining One

Shops:
D:3 *:

Annotations:
D:2 1 runed translucent door, Crazy Yiuf
D:9 2 transporters, mUm121's ghost, journeyman HOFi


Innate Abilities, Weirdness & Mutations

You are agile. (Dex +4, Str/Int -1)
You passively map a small area around you.
You expend magic power (3 MP) to strengthen your wands.


Message History

You fall asleep.
A nearby plant withers and dies.
Your centaur warrior unwields a +0 shortbow.
Your centaur warrior hits the elephant.
Your centaur warrior kicks the elephant.
Your centaur warrior shoots an arrow.
The arrow hits the elephant!!
The elephant dies!
Your centaur warrior hits the elephant.
Your centaur warrior barely misses the elephant.
The cane toad stings your centaur warrior!
The elephant tramples your centaur warrior!
Your centaur warrior stumbles backwards!
The dream sheep bites you but does no damage.
Your centaur warrior unwields a +0 shortbow.
Your centaur warrior hits the elephant.
Your centaur warrior kicks the elephant but does no damage.
Your centaur warrior hits the cane toad!
Your centaur warrior barely misses the cane toad.
Your centaur warrior hits the elephant but does no damage.
Your centaur warrior kicks the elephant.
Your Ranged Weapons skill increases to level 9!
The cane toad stings your centaur warrior but does no damage.
Your centaur warrior hits the elephant!
The elephant dies!
Your centaur warrior wields a +0 shortbow.
Your centaur warrior shoots an arrow.
The arrow hits the cane toad!
Your centaur warrior hits the cane toad.
Your centaur warrior kicks the cane toad but does no damage.
The dream sheep bites you but does no damage.
The cane toad stings your centaur warrior!
Your centaur warrior looks as sick as possible!
The cane toad poisons your centaur warrior!
Your centaur warrior wields a +0 shortbow.
Your centaur warrior shoots an arrow.
The arrow hits the cane toad!!
The cane toad dies!
Your centaur warrior hits the dream sheep!
Your centaur warrior kicks the dream sheep.
The elephant tramples you!!!
You die...
Your body disappears without a glow.

, , , , ##..### ,
###.....### * * *
. ##.......... , *
,P.÷##...........
* ,
...#............ *
................
................,*
*
<....[...@Y......
, ......YYY.......
,
.......c........,
..#..Y††)...(... ,
, #..[c.<......P
#.(c..#......., ,
....../..#...... *
,,,
............#..P
P....##..#####.# ,


You could see 2 elephants, 3 dream sheep, 3 friendly centaur warriors and a
friendly -1 quarterstaff (summoned).

Vanquished Creatures
  Fannar (Lair:1)
  A boulder beetle (D:11)
  Erica (D:8)
  5 death yaks
  A two-headed ogre (D:11)
  Urug (Lair:5)
  A skyshark (Lair:4)
  Pikel (D:8)
  3 bog bodies (Lair:3)
  An ugly thing (D:11)
  2 torpor snails (Lair:2)
  10 elephants
  Joseph (D:8)
  An unseen horror (D:11)
  2 rime drakes
  A kobold demonologist (D:6)
  3 cane toads
  10 komodo dragons
  A polar bear (Lair:3)
  11 blink frogs
  A hornet (D:9)
  4 dream sheep
  Sigmund (D:4)
  2 wraiths
  A shadow (D:10)
  42 yaks
  6 wyverns
  A hog (D:8)
  3 basilisks
  Grum (D:8)
  3 vampire mosquitoes (D:11)
  Menkaure (D:5)
  2 steam dragons
  A swamp worm (Lair:3)
  A warg (D:11)
  3 nagas (Lair:3)
  3 hell hounds (D:10)
  13 water moccasins
  Duvessa (D:7)
  A sky beast (D:7)
  4 black bears
  7 orc warriors
  2 ice beasts
  2 ogres
  10 centaurs
  8 wolves
  3 lemures (D:8)
  2 phantoms (D:6)
  2 kobold brigands
  Blork the orc (D:4)
  2 gnoll sergeants
  9 scorpions
  10 bullfrogs
  5 wights
  Dowan (D:7)
  10 killer bees
  4 howler monkeys (D:9)
  An electric eel (Lair:3)
  4 hounds
  6 orc priests
  A gnoll bouda (Lair:4)
  2 jellies (D:6)
  Natasha (twice) (D:2)
  An iguana (D:5)
  Ijyb (D:5)
  12 orc wizards
  Robin (D:4)
  13 gnolls
  5 adders
  8 white imps
  An ufetubus (D:6)
  A worm (D:3)
  2 dart slugs
  47 orcs
  7 endoplasms
  2 giant cockroaches
  9 goblins
  7 hobgoblins
  2 quokkas
  9 ball pythons
  4 bats
  17 kobolds
  4 rats
400 creatures vanquished.

Vanquished Creatures (collateral kills)
  Harold (D:10)
  A two-headed ogre (D:10)
  A skyshark (Lair:2)
  2 elephants (Lair:5)
  A cane toad (Lair:5)
  A troll (D:10)
  A dream sheep (Lair:5)
  2 yaks
  A water moccasin (Lair:2)
  An orc warrior (D:10)
  A gnoll sergeant (D:10)
  4 killer bees (D:9)
  2 gnolls (D:10)
  An orc (D:10)
20 creatures vanquished.

Vanquished Creatures (others)
  A yak (D:11)
  An orc wizard (D:6)
  12 foxfires
14 creatures vanquished.

Grand Total: 434 creatures vanquished

Notes
Turn   | Place    | Note
-------+----------+-------------------------------------------
     0 | D:1      | tkbsonic5 the Human Artificer began the quest for the Orb.
     0 | D:1      | Reached XP level 1. HP: 15/15 MP: 1/1
   523 | D:1      | Identified 3 scrolls of acquirement
   523 | D:1      | Acquired the +1 hat of Qausogal {Harm Dex+4}
   530 | D:1      | Acquired a +1 hand crossbow of freezing
   537 | D:1      | Acquired the +1 pair of boots of Card Tricks {Str+5}
   772 | D:1      | Reached XP level 2. HP: 21/21 MP: 2/2
  1392 | D:2      | Reached skill level 1 in Ranged Weapons
  1574 | D:2      | Found a runed translucent door.
  1575 | D:2      | Noticed Crazy Yiuf
  1708 | D:2      | Reached XP level 3. HP: 17/26 MP: 3/3
  1918 | D:2      | Noticed Natasha
  1919 | D:2      | Killed Natasha
  1920 | D:2      | Reached XP level 4. HP: 33/33 MP: 4/4
  1986 | D:2      | Noticed Natasha
  1988 | D:2      | Killed Natasha
  1989 | D:2      | Reached skill level 2 in Ranged Weapons
  2468 | D:3      | Reached XP level 5. HP: 38/38 MP: 5/5
  2553 | D:3      | Found Xyxiz's Assorted Antiques.
  2563 | D:3      | Bought 2 fizzy ruby potions for 41 gold pieces
  2563 | D:3      | Bought a murky purple potion for 20 gold pieces
  2563 | D:3      | Bought a purple potion for 20 gold pieces
  2563 | D:3      | Bought a purple potion for 20 gold pieces
  2563 | D:3      | Bought a fuming blue potion for 20 gold pieces
  2623 | D:3      | Found Rylak's Book Boutique.
  3033 | D:4      | Learned a level 1 spell: Foxfire
  3035 | D:4      | Learned a level 1 spell: Kiss of Death
  3127 | D:4      | Noticed a black bear
  3131 | D:4      | Killed a black bear
  3132 | D:4      | Reached XP level 6. HP: 44/46 MP: 6/6
  3140 | D:4      | Got the Precepts of Hapless Last Rites
  3145 | D:4      | Learned a level 3 spell: Confusing Touch
  3193 | D:4      | Reached skill level 3 in Ranged Weapons
  3193 | D:4      | Reached skill level 1 in Conjurations
  3193 | D:4      | Reached skill level 1 in Hexes
  3193 | D:4      | Reached skill level 1 in Necromancy
  3193 | D:4      | Reached skill level 1 in Fire Magic
  3210 | D:4      | Reached skill level 1 in Spellcasting
  3404 | D:4      | Reached XP level 7. HP: 51/51 MP: 8/8
  3411 | D:4      | Noticed Robin
  3413 | D:4      | Killed Robin
  3478 | D:4      | Noticed Sigmund
  3501 | D:4      | Killed Sigmund
  3672 | D:4      | Noticed Blork the orc
  3681 | D:4      | Killed Blork the orc
  4079 | D:4      | Noticed a water moccasin
  4080 | D:4      | Killed a water moccasin
  4081 | D:4      | Reached XP level 8. HP: 58/58 MP: 10/10
  4216 | D:5      | Entered Level 5 of the Dungeon
  4310 | D:5      | Reached skill level 4 in Ranged Weapons
  4412 | D:5      | Noticed Menkaure
  4413 | D:5      | Killed Menkaure
  4441 | D:5      | Noticed Ijyb
  4450 | D:5      | Killed Ijyb
  4811 | D:5      | Identified the amulet "Deiwnuuf" {Spirit rPois Str+4}
  4899 | D:5      | Reached XP level 9. HP: 52/64 MP: 12/12
  5179 | D:5      | Found a sacrificial altar of Ru.
  5326 | D:6      | Reached skill level 5 in Ranged Weapons
  5557 | D:6      | Identified the amulet "Giogomotz" {rF+++ Regen+ Str+6
                  | Int+3}
  5579 | D:6      | Found a staircase to the Ecumenical Temple.
  5754 | Temple   | Entered the Ecumenical Temple
  5803 | Temple   | Became a worshipper of Nemelex Xobeh the Trickster
  5938 | D:6      | Reached skill level 5 in Evocations
  6305 | D:6      | Noticed a kobold demonologist
  6309 | D:6      | Reached XP level 10. HP: 44/72 MP: 9/14
  6314 | D:6      | Noticed a rust devil
  6316 | D:6      | Killed a kobold demonologist
  6317 | D:6      | Reached skill level 5 in Hexes
  6492 | D:6      | Found a burning altar of Makhleb.
  6655 | D:7      | Reached skill level 6 in Ranged Weapons
  6909 | D:7      | Found a broken altar of Ashenzari.
  7006 | D:7      | Learned a level 3 spell: Stone Arrow
  7010 | D:7      | Learned a level 3 spell: Mephitic Cloud
  7013 | D:7      | Learned a level 2 spell: Blink
  7016 | D:7      | Learned a level 2 spell: Poisonous Vapours
  7148 | D:7      | Reached * piety under Nemelex Xobeh
  7151 | D:7      | Noticed Dowan
  7153 | D:7      | Killed Dowan
  7153 | D:7      | Noticed Duvessa
  7165 | D:7      | Killed Duvessa
  7359 | D:7      | Found a glowing silver altar of Zin.
  7478 | D:7      | Learned a level 1 spell: Sandblast
  7484 | D:7      | Found a blossoming altar of Fedhas.
  7595 | D:7      | Received a gift from Nemelex Xobeh
  7800 | D:7      | Found an opulent altar of Gozag.
  8073 | D:8      | Reached skill level 1 in Staves
  8074 | D:8      | Reached skill level 1 in Earth Magic
  8074 | D:8      | Reached skill level 1 in Poison Magic
  8081 | D:8      | Reached skill level 1 in Translocations
  8158 | D:8      | Reached skill level 1 in Invocations
  8175 | D:8      | Reached XP level 11. HP: 78/78 MP: 11/16
  8244 | D:8      | Reached skill level 1 in Throwing
  8244 | D:8      | Reached skill level 1 in Air Magic
  8286 | D:8      | Found a staircase to the Lair.
  8435 | D:8      | Noticed Erica
  8450 | D:8      | Killed Erica
  8611 | D:8      | Noticed Pikel
  8621 | D:8      | Killed Pikel
  8622 | D:8      | Reached skill level 5 in Fighting
  8696 | D:8      | Noticed Joseph
  8704 | D:8      | Killed Joseph
  8705 | D:8      | Reached skill level 7 in Ranged Weapons
  8847 | D:8      | Reached skill level 5 in Dodging
  8890 | D:8      | Noticed Grum
  8893 | D:8      | HP: 3/79 [Grum/-1 spear of freezing (4)]
  8947 | D:8      | Killed Grum
  9154 | D:8      | Learned a level 3 spell: Vampiric Draining
  9800 | D:3      | Bought a book of Alchemy for 308 gold pieces
 10011 | D:9      | Found an ornate altar of the Wu Jian Council.
 10055 | D:9      | Found a basalt altar of Yredelemnul.
 10248 | D:9      | Found a transporter.
 10255 | D:9      | Reached ** piety under Nemelex Xobeh
 10255 | D:9      | Noticed a two-headed ogre
 10255 | D:9      | Noticed a two-headed ogre
 10256 | D:9      | Found a transporter.
 10256 | D:9      | Noticed a two-headed ogre
 10258 | D:9      | Noticed mUm121's ghost (journeyman HOFi)
 10267 | D:9      | Noticed a two-headed ogre
 10289 | D:9      | Noticed a two-headed ogre
 10427 | D:9      | Reached XP level 12. HP: 50/86 MP: 10/18
 10841 | D:10     | Entered Level 10 of the Dungeon
 10885 | D:9      | Reached skill level 5 in Fire Magic
 11608 | D:10     | Noticed Harold
 11611 | D:10     | Received a gift from Nemelex Xobeh
 11614 | D:10     | Killed Harold
 11673 | D:10     | Noticed a two-headed ogre
 11675 | D:10     | Killed a two-headed ogre
 11676 | D:10     | Reached skill level 5 in Conjurations
 11676 | D:10     | Reached skill level 5 in Necromancy
 12077 | D:10     | Gained mutation: You are partially covered in large bone
                  | plates. (SH +4) [potion of mutation]
 12077 | D:10     | Gained mutation: Armour fits poorly on your strangely
                  | shaped body. [potion of mutation]
 12078 | D:10     | Lost mutation: Armour fits poorly on your strangely shaped
                  | body. [potion of mutation]
 12078 | D:10     | Lost mutation: You are partially covered in large bone
                  | plates. (SH +4) [potion of mutation]
 12078 | D:10     | Gained mutation: You expend magic power (3 MP) to
                  | strengthen your wands. [potion of mutation]
 12078 | D:10     | Gained mutation: You passively map a small area around you.
                  | [potion of mutation]
 12078 | D:10     | Gained mutation: You are agile. (Dex +4, Str/Int -1)
                  | [potion of mutation]
 12449 | D:11     | Found a staircase to the Orcish Mines.
 12511 | D:11     | Noticed a boulder beetle
 12540 | D:11     | Killed a boulder beetle
 12920 | D:11     | Noticed a two-headed ogre
 12929 | D:11     | Killed a two-headed ogre
 13070 | D:11     | Reached *** piety under Nemelex Xobeh
 13185 | Lair:1   | Entered Level 1 of the Lair of Beasts
 13190 | Lair:1   | Reached skill level 5 in Spellcasting
 13197 | Lair:1   | Reached XP level 13. HP: 44/92 MP: 13/20
 13610 | Lair:1   | Noticed Fannar
 13655 | Lair:1   | Killed Fannar
 13656 | Lair:1   | Reached skill level 8 in Ranged Weapons
 14961 | Lair:2   | Received a gift from Nemelex Xobeh
 15390 | Lair:3   | Reached skill level 5 in Earth Magic
 15419 | Lair:3   | Reached skill level 5 in Invocations
 15441 | Lair:3   | Learned a level 3 spell: Portal Projectile
 15444 | Lair:3   | Learned a level 2 spell: Passwall
 15503 | Lair:3   | Reached **** piety under Nemelex Xobeh
 15895 | Lair:3   | Reached XP level 14. HP: 99/99 MP: 12/22
 15963 | Lair:3   | Found a staircase to the Snake Pit.
 16679 | Lair:3   | Found a staircase to the Swamp.
 16679 | Lair:3   | Received a gift from Nemelex Xobeh
 17688 | Lair:4   | Reached skill level 5 in Air Magic
 17917 | Lair:4   | Received a gift from Nemelex Xobeh
 18401 | Lair:5   | Entered Level 5 of the Lair of Beasts
 18402 | Lair:5   | Noticed Urug
 18413 | Lair:5   | Killed Urug
 18422 | Lair:5   | Reached skill level 9 in Ranged Weapons
 18423 | Lair:5   | Mangled by an elephant

Illustrated notes

Levels and vault maps discovered:
D:1:      dpeg_arrival_orchard, layout_basic
D:2:      layout_loops_corners, uniq_natasha, uniq_crazy_yiuf_cottage
D:3:      layout_basic, serial_shops, nicolae_shop_stone, shop
D:4:      layout_basic, nicolae_figureground_sparkle, uniq_sigmund, uniq_robin,
          uniq_blork_the_orc
D:5:      layout_cave_pools, nicolae_ru_path_of_blood, minmay_quadrilaterals,
          uniq_menkaure, uniq_ijyb
D:6:      cheibrodos_barr_body, layout_rooms, lemuel_doored_altar,
          minmay_temple_entry_large_hall, hangedman_decor_growths,
          minmay_fractal_squares_gapless_5
D:7:      layout_basic, mainiacjoe_overflow_big_doors, lemuel_tele_altar,
          zin_scriptorium, nicolae_figureground_pulse, uniq_duvessa
D:8:      layout_loops_cross, minmay_lair_entry_grove, serial_demonic,
          serial_demonic_f, serial_demonic_e, serial_demonic_b,
          serial_demonic_d, serial_demonic_g, serial_demonic_f, uniq_pikel,
          uniq_joseph, uniq_grum, uniq_erica
D:9:      layout_irregular_city, mainiacjoe_overflow_catwalk_spiral,
          gammafunk_ghost_smash, serial_bayou_crossing
D:10:     layout_cross, minmay_rotating_lava, uniq_harold
D:11:     layout_cave_pools, david_orc_1_choice
Temple:   nicolae_temple_great_sept
Lair:1:   layout_cave_pods, beast_lair_carwin_2, serial_bayou_shore_b,
          lemuel_fruit_tree, uniq_fannar
Lair:2:   layout_loops_ring, serial_forest, infiniplex_forest_clump_small,
          infiniplex_forest_lined_1, infiniplex_forest_corner_2,
          infiniplex_forest_lined_4_way, infiniplex_forest_clump_medium,
          infiniplex_forest_clump_large, infiniplex_forest_clump_tiny,
          infiniplex_forest_clump_double, infiniplex_forest_lined_ring,
          infiniplex_forest_clump_small
Lair:3:   layout_small_grid, nicolae_swamp_entry_splash_gauntlet,
          guppyfry_snake_entry_island
Lair:4:   layout_loops_ring, dreamdust_gnoll_shepherd, lemuel_fruit_fields,
          grunt_megastairs_5
Lair:5:   grunt_lair_end_beastmaster, layout_cave_shapes,
          nicolae_slime_entry_slimehenge, uniq_urug

Skill      XL: |  1  2  3  4  5  6  7  8  9 10 11 12 13 14 |
---------------+-------------------------------------------+-----
Ranged Weapons | 1 2 3 4 5 6 7 8 9 |  9.0
Fighting       | 2 3 4 5 6 |  6.2
Dodging        | 2 3 4 5 6 |  6.0
Conjurations   | 1 2 3 4 5 6 |  6.4
Hexes          | 1 2 3 4 5 6 7 |  7.9
Necromancy     | 1 2 3 4 5 6 |  6.4
Fire Magic     | 1 2 3 4 5 6 |  6.5
Spellcasting   | 1 2 3 4 5 |  5.9
Evocations     | 4 5 6 |  6.9
Staves         | 1 2 3 4 |  4.2
Earth Magic    | 1 2 4 5 |  5.5
Poison Magic   | 1 2 3 4 |  4.3
Translocations | 1 2 3 4 |  4.6
Invocations    | 1 2 3 5 |  5.7
Throwing       | 2 |  2.9
Air Magic      | 2 3 4 5 |  5.0
Stealth        | 2 |  2.4
Polearms       | |  0.3
Armour         | |  2.9

Action                     |  1- 3 |  4- 6 |  7- 9 | 10-12 | 13-15 || total
---------------------------+-------+-------+-------+-------+-------++-------
  Melee: Spear             |     6 |       |       |       |       ||     6
         Arbalest          |       |       |     1 |     3 |    14 ||    18
   Fire: Hand crossbow     |    38 |    65 |    83 |       |       ||   186
         Arbalest          |       |       |   118 |   452 |   319 ||   889
  Throw: Throwing net      |       |       |       |     1 |       ||     1
   Cast: Mephitic Cloud    |       |       |       |    35 |    13 ||    48
         Confusing Touch   |       |       |       |     6 |     4 ||    10
         Stone Arrow       |       |       |       |    10 |       ||    10
         Poisonous Vapours |       |       |       |     4 |       ||     4
         Foxfire           |       |       |       |     1 |     6 ||     7
         Vampiric Draining |       |       |       |     8 |    10 ||    18
         Blink             |       |       |       |     1 |       ||     1
         Portal Projectile |       |       |       |       |    34 ||    34
 Invoke: Draw Destruction  |       |       |       |     8 |     9 ||    17
         Draw Escape       |       |       |       |     8 |     1 ||     9
         Draw Summoning    |       |       |       |     3 |     3 ||     6
         Triple Draw       |       |       |       |     1 |       ||     1
  Evoke: Wand              |     1 |       |       |    14 |     4 ||    19
         Phantom mirror    |       |       |       |     1 |       ||     1
    Use: Scroll            |     3 |     4 |     6 |    15 |     5 ||    33
         Potion            |       |       |     8 |     4 |     4 ||    16
   Stab: Sleeping          |     1 |       |       |       |       ||     1
 Armour: Scale mail        |    10 |     6 |       |    43 |   231 ||   290
         Leather armour    |     1 |       |       |       |       ||     1
         Plate armour      |       |     8 |   181 |    54 |       ||   243
         Skin              |       |       |     3 |       |       ||     3
         Steam dragon scal |       |       |       |    70 |       ||    70
  Dodge: Dodged            |     8 |    10 |    76 |   280 |   328 ||   702
